 Dungeon Crawl Stone Soup version 0.28.0 (webtiles) character file.

Game seed: 12763920917607094651

139 Descartes the Ruffian (level 5, -2/50 HPs)
             Began as a Troll Warper on Feb 11, 2022.
             Slain by a water moccasin (7 damage)
             ... on level 4 of the Dungeon.
             The game lasted 00:03:18 (2080 turns).

Descartes the Ruffian (Troll Warper)                Turns: 2080, Time: 00:03:18

Health: -2/50      AC:  5    Str: 19    XL:     5   Next: 1%
Magic:  5/5        EV:  9    Int: 11    God:
Gold:   75         SH:  0    Dex:  9    Spells: 4/6 levels left

rFire   . . .      SeeInvis .     - Unarmed
rCold   . . .      Faith    .   (no shield)
rNeg    . . .      Spirit   .   a - +1 robe
rPois   .          Reflect  .   (helmet restricted)
rElec   .          Harm     .   (no cloak)
rCorr   .          Rampage  .   (gloves unavailable)
Will    .....                   (boots unavailable)
Stlth   +.........              (no amulet)
HPRegen 0.96/turn               (no ring)
MPRegen 0.09/turn               (no ring)

@: lethally poisoned (-2 -> -8), attractive
A: large, unfitting armour, claws 3, regeneration 1, shaggy fur 1, tough skin 1
a: no special abilities


You were on level 4 of the Dungeon.
You visited 1 branch of the dungeon, and saw 4 of its levels.

You collected 75 gold pieces.

Inventory:

Hand Weapons
 n - the +12 spear of Fortitude {flame, SInv}
   (You found it on level 3 of the Dungeon)

   It burns those it strikes, dealing additional fire damage.
   SInv:      It lets you see invisible.
Missiles
 c - 5 boomerangs of dispersal (quivered)
 k - 31 stones
Armour
 a - a +1 robe (worn)
Scrolls
 b - a scroll of blinking
Potions
 d - a potion of brilliance
 f - a potion of curing
 j - a potion of haste {unknown}
 m - a potion of attraction


   Skills:
 + Level 2.7 Fighting
 - Level 0.8 Throwing
 - Level 1.9 Dodging
 + Level 3.3 Unarmed Combat
 - Level 1.2 Spellcasting
 + Level 3.0 Translocations


You had 4 spell levels left.
You knew the following spells:

 Your Spells              Type           Power      Damage    Failure   Level
a - Blink                 Tloc           14%        N/A       14%         2

Your spell library contained the following spells:

 Spells                   Type           Power      Damage    Failure   Level
 Gell's Gravitas          Tloc           7%         N/A       26%         3
 Lesser Beckoning         Tloc           7%         N/A       26%         3
 Teleport Other           Tloc           7%         N/A       26%         3
 Summon Small Mammal      Summ           0%         N/A       32%         1
 Call Canine Familiar     Summ           0%         N/A       67%         3
 Summon Guardian Golem    Hex/Summ       0%         N/A       67%         3
 Manifold Assault         Tloc           7%         N/A       94%         5
 Fireball                 Conj/Fire      0%         3d3       100%        5
 Iskenderun's Battlesphe  Conj           0%         2d6       100%        5
 Conjure Ball Lightning   Conj/Air       0%         3x3d6     100%        6
 Orb of Destruction       Conj           0%         9d5       100%        7


Dungeon Overview and Level Annotations

Branches:
Dungeon (4/15)
 Temple: D:4-7

Altars:

Shops:
D:3 [


Innate Abilities, Weirdness & Mutations

You are too large for most types of armour.
You have claws for hands.
Your natural rate of healing is unusually fast.
You are covered in fur. (AC +1)
You have tough skin. (AC +1)


Message History

You feel sick. The endoplasm closely misses you.
The water moccasin bites you but does no damage.
You scratch the water moccasin.
The water moccasin is lightly wounded.
You feel sick. The water moccasin bites you!
* * * LOW HITPOINT WARNING * * *
The endoplasm barely misses you.
It was a potion of curing.
You feel better. The water moccasin barely misses you.
The endoplasm hits you but does no damage.
The water moccasin bites you.
* * * LOW HITPOINT WARNING * * *
You are poisoned.
The water moccasin poisons you!
It was a potion of attraction.
You feel attractive to monsters.
You feel very sick. The endoplasm hits you.
* * * LOW HITPOINT WARNING * * *
The water moccasin bites you.
* * * LOW HITPOINT WARNING * * *
You are more poisoned.
The water moccasin poisons you!
It was a potion of heal wounds.
You feel much better.
You feel very sick.
The water moccasin completely misses you.
The endoplasm hits you but does no damage.
You miss the water moccasin.
The water moccasin is lightly wounded.
You feel very sick. The water moccasin bites you.
* * * LOW HITPOINT WARNING * * *
The endoplasm hits you but does no damage.
The water moccasin barely misses you.
You barely miss the water moccasin.
The water moccasin is lightly wounded.
* * * LOW HITPOINT WARNING * * *
You feel very sick. The water moccasin bites you!
You die...

######## ## #......# ..
#......# .#
#...)..######.####
#....J...........#
#.....@S.........#
#................#
#................#
#................#
#................#
#####....####.#########
#....# #>.........
###### ###.###### #.#


You could see a water moccasin and an endoplasm.

Vanquished Creatures
  A bullfrog skeleton (D:4)
  An iguana (D:4)
  3 adders
  3 dart slugs
  3 ball pythons
  2 bats
  7 endoplasms
  3 goblins
  4 hobgoblins
  7 jackals (D:4)
  8 kobolds
  3 frilled lizards
  6 rats
51 creatures vanquished.

Notes
Turn   | Place    | Note
-------+----------+-------------------------------------------
     0 | D:1      | Descartes the Troll Warper began the quest for the Orb.
     0 | D:1      | Reached XP level 1. HP: 19/19 MP: 1/1
   203 | D:1      | Reached XP level 2. HP: 26/28 MP: 2/2
   924 | D:2      | Reached XP level 3. HP: 31/34 MP: 3/3
  1564 | D:3      | Found Ylepsuf's Armour Shop.
  1605 | D:3      | Reached XP level 4. HP: 15/44 MP: 4/4
  1759 | D:3      | Learned a level 2 spell: Blink
  1798 | D:3      | Identified the +12 spear of Fortitude {flame, SInv}
  2036 | D:4      | Reached XP level 5. HP: 39/50 MP: 5/5
  2061 | D:4      | Noticed a water moccasin
  2080 | D:4      | Slain by a water moccasin

Illustrated notes

Levels and vault maps discovered:
D:1:      nicolae_arrival_washed_ashore, layout_basic
D:2:      layout_rooms, roderic_serpentine_path
D:3:      layout_rooms, serial_shops, nicolae_lakefront_shop
D:4:      layout_basic, enter_ossuary_3, minmay_unequal, uniq_grinder

Skill      XL: |  1  2  3  4 |
---------------+-------------+-----
Fighting       | 2 |  2.7
Unarmed Combat | 3 |  3.3
Translocations | 3 |  3.0
Throwing       | |  0.8
Dodging        | |  1.9
Spellcasting   | |  1.2

Action                   |  1- 3 |  4- 6 || total
-------------------------+-------+-------++-------
Melee: Unarmed           |    98 |    51 ||   149
       Punch             |     2 |       ||     2
  Use: Scroll            |       |     4 ||     4
       Potion            |       |     3 ||     3
 Stab: Sleeping          |     1 |       ||     1
Armor: Robe              |    26 |    24 ||    50
Dodge: Dodged            |    40 |    26 ||    66
